 Dungeon Crawl Stone Soup version 0.17.1-1-g73c8601 (webtiles) character file.

268 DeXoteric the Vandal (level 6, -6/42 HPs)
             Began as a Halfling Hunter on Dec 27, 2015.
             Was an Initiate of Cheibriados.
             Killed from afar by Dowan (22 damage)
             ... with a shard of ice
             ... on level 4 of the Dungeon.
             The game lasted 00:10:22 (3349 turns).

DeXoteric the Vandal (Halfling Hunter)              Turns: 3349, Time: 00:10:22

Health: -6/42      AC: 10    Str: 15    XL:     6   Next: 45%
Magic:  0/16       EV:  6    Int: 11    God:    Cheibriados [......]
Gold:   210        SH:  0    Dex: 16    Spells: 0 memorised, 5 levels left

rFire  . . .     SeeInvis .     a - +1 hunting sling
rCold  . . .     Clarity  .     x - +0 plate armour
rNeg   . . .     SustAt   .     (shield restricted)
rPois  .         Gourm    .     (no helmet)
rElec  .         Spirit   +     (no cloak)
rCorr  .         Warding  .     (no gloves)
rMut   .         Stasis   .     (no boots)
MR     .....                    A - amulet "Ohet" {Spirit MP+9}
Stlth  ..........               (no ring)
                                (no ring)

@: heavily drained, very slow, not resistant to hostile enchantments, extremely
unstealthy
A: mutation resistance 1
a: Bend Time, Renounce Religion


You were on level 4 of the Dungeon.
You worshipped Cheibriados.
Cheibriados was noncommittal.
You were hungry.

You visited 1 branch of the dungeon, and saw 4 of its levels.

You collected 210 gold pieces.

Inventory:

Hand Weapons
 a - a +1 hunting sling (weapon)
 b - a +0 short sword
Missiles
 f - 131 stones (quivered)
Armour
 c - a +0 leather armour
 g - a +0 scale mail
 x - a +0 plate armour (worn)
Jewellery
 A - the amulet "Ohet" (around neck) {Spirit MP+9}
   (You found it on level 4 of the Dungeon)

   [amulet of guardian spirit]

   It causes incoming damage to be split between your health and magic.
   It affects your magic capacity (+9).
Scrolls
 h - 2 scrolls of enchant weapon {unknown}
 j - a scroll of identify {unknown}
 k - a scroll of amnesia {unknown}
 m - a scroll of noise {unknown}
 o - a scroll of magic mapping {unknown}
 p - a scroll of blinking {unknown}
 s - a scroll of random uselessness {unknown}
 u - a scroll of teleportation {unknown}
 v - 2 scrolls of remove curse {unknown}
 y - a scroll of fog {unknown}
Potions
 i - a potion of might {unknown}
 l - a potion of flight {unknown}
 n - 2 potions of magic {unknown}
 q - 2 potions of curing
 r - a potion of ambrosia {unknown}
 t - a potion of poison {unknown}
 z - 2 potions of cure mutation {unknown}
 B - a potion of brilliance {unknown}
Comestibles
 e - 5 bread rations
 w - a meat ration
 C - 2 chunks of flesh


   Skills:
 + Level 3.1(0.7) Fighting
 + Level 7.4(4.6) Slings
 - Level 2.1(0.0) Armour
 - Level 3.7(1.2) Dodging
 - Level 1.1(0.0) Stealth
 + Level 2.0(0.0) Invocations


You had 5 spell levels left.
You didn't know any spells.

Dungeon Overview and Level Annotations

Branches:
Dungeon (4/15)
 Temple: D:4-7

Altars:
Cheibriados
Kikubaaqudgha

Annotations:
D:4 Dowan


Innate Abilities, Weirdness & Mutations

You are small and have problems with some larger weapons.
You are somewhat resistant to further mutation.


Message History

Dowan hits you but does no damage.
Aim: Dowan, wielding a dagger and wearing a runed robe (heavily wounded, fast+slow)
You shoot a sling bullet. The sling bullet closely misses Dowan.
Dowan gestures wildly while chanting.
Dowan blinks!
Aim: Dowan, wielding a dagger and wearing a runed robe (heavily wounded, fast+slow)
You shoot a sling bullet. The sling bullet closely misses Dowan.
Dowan casts a spell.
Dowan blinks!
Aim: Dowan, wielding a dagger and wearing a runed robe (heavily wounded, fast+slow)
You shoot a sling bullet. The sling bullet closely misses Dowan.
Dowan hits you with a dagger.
You now have 1/16 mp.
Aim: Dowan, wielding a dagger and wearing a runed robe (heavily wounded, fast+slow)
You shoot a stone.
The stone hits Dowan but does no damage.
Dowan casts a spell at you. The shard of ice hits you!
Ouch! That really hurt!
You die...

#.##.#.# #.#
#######.##.#.#
..#
#..........#.#
.#
#.####.÷####
#..# #..# #..#
###.####..#
(§...(ep(.#
###.####.##
#.# #.# .(.
... .... ...


You could see Dowan.

Vanquished Creatures
  Duvessa (D:4)
  A hound (D:4)
  A river rat (D:3)
  4 gnolls
  3 adders (D:2)
  An ooze (D:1)
  A worm (D:2)
  An orc (D:3)
  7 bats
  2 bat zombies (D:2)
  4 giant cockroaches
  7 hobgoblins
  2 jackals (D:1)
  3 ball pythons
  A giant gecko (D:1)
  4 giant newts
  4 goblins
  2 kobolds (D:1)
  9 rats
  2 rat zombies (D:2)
60 creatures vanquished.

Notes
Turn   | Place    | Note
--------------------------------------------------------------
     0 | D:1      | DeXoteric the Halfling Hunter began the quest for the Orb.
     0 | D:1      | Reached XP level 1. HP: 14/14 MP: 1/1
   177 | D:1      | Reached skill level 6 in Slings
   177 | D:1      | Reached XP level 2. HP: 19/19 MP: 2/2
   483 | D:1      | Reached XP level 3. HP: 24/24 MP: 3/3
   965 | D:2      | Reached skill level 1 in Armour
  1012 | D:1      | Reached XP level 4. HP: 2/29 MP: 4/4
  1720 | D:2      | Reached XP level 5. HP: 35/35 MP: 5/5
  2204 | D:2      | Found an ancient bone altar of Kikubaaqudgha.
  2577 | D:3      | Found a snail-covered altar of Cheibriados.
  2586 | D:3      | Became a worshipper of Cheibriados the Contemplative
  3123 | D:4      | Got a steaming bone amulet
  3124 | D:4      | Identified the amulet "Ohet" {Spirit MP+9} (You found it on level 4 of the Dungeon)
  3287 | D:4      | Reached skill level 7 in Slings
  3320 | D:4      | Noticed Duvessa
  3320 | D:4      | Noticed Dowan
  3337 | D:4      | Killed Duvessa
  3337 | D:4      | Reached XP level 6. HP: 12/42 MP: 6/7
  3349 | D:4      | Killed from afar by Dowan

Action                   |  1- 3 |  4- 6 || total
-------------------------+-------+-------++-------
Melee: Short sword       |     1 |       ||     1
 Fire: Hunting sling     |    86 |   184 ||   270
Invok: Bend Time         |       |     1 ||     1
  Use: Potion            |       |     1 ||     1
  Eat: Chunk             |       |     7 ||     7
